 Dungeon Crawl Stone Soup version 0.31-a0-716-gc7603755dd (webtiles) character file.

Game seed: 12988531474516234181

26 Xavori the Cutter (level 3, 0/26 HPs)
             Began as an Octopode Chaos Knight on Sept 10, 2023.
             Was a Plaything of Xom.
             Slain by a chaos spawn (9 damage)
             ... summoned by Xom
             ... on level 1 of the Dungeon.
             The game lasted 00:01:13 (4923 turns).

Xavori the Cutter (Octopode Chaos Knight)           Turns: 4923, Time: 00:01:15

Health: 0/26       AC:  1    Str: 15    XL:     3   Next: 8%
Magic:  3/3        EV: 13    Int: 13    God:    Xom [*.....]
Gold:   44         SH:  0    Dex: 12    Spells: 2/2 levels left

rFire   . . .        a - +0 short sword (chaos)
rCold   . . .        (no shield)
rNeg    . . .        (helmet restricted)
rPois   .            (no amulet)
rElec   .            (no ring)
rCorr   .            (no ring)
SInv    .            (no ring)
Will    .....        (no ring)
Stlth   ++           (no ring)
HPRegen 0.24/turn    (no ring)
MPRegen 0.08/turn    (no ring)
                     (no ring)

%: random rage (3%)
@: no status effects
A: almost no armour, amphibious, 8 rings, camouflage 1, gelatinous body 1,
(nimble swimmer 1), tentacles, berserk 1, strong 1
a: Renounce Religion


You were on level 1 of the Dungeon.
You worshipped Xom.
You were a special plaything of Xom.
You visited 1 branch of the dungeon, and saw 2 of its levels.

You collected 44 gold pieces.

Inventory:

Hand Weapons
 a - a +0 short sword of chaos (weapon)
Scrolls
 b - a scroll of butterflies
 c - a scroll of vulnerability {unknown}
 e - a scroll of identify {unknown}
 g - a scroll of enchant weapon {unknown}
 j - a scroll of fog {unknown}
Potions
 d - a potion of lignification {unknown}
 f - a potion of mutation {unknown}
 h - a potion of might {unknown}
 i - 2 potions of resistance {unknown}


   Skills:
 + Level 3.4 Fighting
 + Level 3.5 Short Blades
 + Level 2.5 Dodging
 + Level 0.6 Stealth


You had 2 spell levels left.
You didn't know any spells.
Your spell library contained the following spells:

 Spells                   Type           Power      Damage    Failure   Level
 Ignite Poison            Fire/Tmut/Pois 0%         N/A       67%         3
 Petrify                  Tmut/Erth      0%         N/A       97%         4
 Alistair's Intoxication  Tmut/Pois      0%         N/A       100%        5


Dungeon Overview and Level Annotations

Branches:
Dungeon (2/15)

Altars:

Shops:
D:1 !


Innate Abilities, Weirdness & Mutations

You cannot wear most types of armour.
You are amphibious.
You can wear up to eight rings at the same time.
Your skin changes colour to match your surroundings (Stealth+).
Your rubbery body absorbs attacks. (AC +1, EV +1)
((You are camouflaged when in or above water. (Stealth+)))
You have tentacles for arms and can constrict up to eight enemies at once.
You sometimes lose your temper in combat.
Your muscles are strong. (Str +4, Int/Dex -1)


Message History

You climb downwards.
There is a stone staircase leading up here.
You start waiting.
Done waiting.
You start waiting.
An endoplasm comes into view.
An endoplasm is nearby!
The endoplasm quivers.
The endoplasm freezes you.
You are frozen.
You see here a +0 whip.
You hit the endoplasm. You burn the endoplasm.
The endoplasm is heavily wounded.
The endoplasm closely misses you.
You hit the endoplasm.
You kill the endoplasm!
No target in view!
There is a stone staircase leading up here.
You start resting.
HP restored.
You start waiting.
Done waiting.
You climb upwards.
There is a stone staircase leading down here.
There's nothing to open nearby.
There's nothing to open nearby.
You start waiting.
Done waiting.
You start waiting.
Done waiting.
You start waiting. "Fight to survive, mortal."
There are monsters nearby!
There are monsters nearby!
The chaos spawn grows dozens of eye stalks in order to get a better look at you.
The chaos spawn gores you!
Ouch! That really hurt!
You are engulfed in flames!
You die... "What!?
That's it?"

#################
#.[.............. ######
#.############### #....#
#.# ######## #....# #.#
#......#
#....######.#####......####
#.........@4...............
#....#####.5.####......##..
#.............# #......##..
#....########.###########..
###........................
#######################..
#..............(#......##
#.#############.#.####.#
#.#...........#.#.#....##


You could see a chaos spawn (summoned) and a white imp (summoned).

Vanquished Creatures
  2 endoplasms
  2 giant cockroaches (D:1)
  4 goblins (D:1)
  2 hobgoblins (D:1)
  5 kobolds
  4 bats
  3 frilled lizards (D:1)
  3 rats (D:1)
25 creatures vanquished.

Notes
Turn   | Place    | Note
-------+----------+-------------------------------------------
     0 | D:1      | Xavori the Octopode Chaos Knight began the quest for the
                  | Orb.
     0 | D:1      | Reached XP level 1. HP: 16/16 MP: 1/1
    55 | D:1      | XOM: divination: magic mapping
   134 | D:1      | Got Ikewneevepp's Incunabulum of the Engineer
   234 | D:1      | XOM: silly message
   278 | D:1      | Reached XP level 2. HP: 21/21 MP: 2/2
   313 | D:1      | XOM: smoke on damage
   418 | D:1      | XOM: 1-stop teleportation journey
   492 | D:1      | Found Aryt's Distillery.
   976 | D:1      | XOM: smoke on damage
  1307 | D:1      | XOM: give mutations
  1307 | D:1      | Gained mutation: Your muscles are strong. (Str +4, Int/Dex
                  | -1) [Xom's mischief]
  1307 | D:1      | Gained mutation: You sometimes lose your temper in combat.
                  | [Xom's mischief]
  1437 | D:1      | XOM: summons 2 hostile demons
  1438 | D:1      | Noticed a crimson imp
  1479 | D:2      | Reached XP level 3. HP: 26/26 MP: 3/3
  2380 | D:1      | XOM is BORED!
  2380 | D:1      | XOM: summons 1 hostile shadow creature
  3384 | D:1      | XOM: scenery: summon butterflies
  3785 | D:1      | XOM: summons 4 hostile shadow creatures
  4011 | D:2      | XOM: torment (14/26 hp)
  4422 | D:1      | XOM: summons 2 hostile demons
  4922 | D:1      | XOM: summons 2 hostile demons
  4923 | D:1      | Noticed a chaos spawn
  4923 | D:1      | Slain by a chaos spawn

Illustrated notes

Levels and vault maps discovered:
D:1:      onia_arrival_pyramid, layout_basic, serial_shops,
          nicolae_shop_real_fake_doors
D:2:      layout_loops_ring, nicolae_concentric_dashed_squares_mild

Action                     || total
---------------------------++-------
  Melee: Short sword       ||    52
         Constrict         ||     8
         Punch             ||     1
         Tentacles         ||     3
   Stab: Sleeping          ||     5
 Armour: Skin              ||    27
  Dodge: Dodged            ||    27

Table legend: (Time is in decaauts)
 A = Elapsed time spent in this place.
 B = Non-inter-level travel time spent in this place.
 C = Inter-level travel time spent in this place.
 D = Time resting spent in this place.
 E = Time spent auto-exploring this place.
 F = Levels seen in this place.
 G = Mean time per level.
                   A        B        C        D        E       F      G
               +--------+--------+--------+--------+--------+-----+--------+
         Total |   4934 |   4738 |    196 |   3676 |    879 |   2 | 2467.0 |
       Dungeon |   4934 |   4738 |    196 |   3676 |    879 |   2 | 2467.0 |
               +--------+--------+--------+--------+--------+-----+--------+

Top non-repeatable levels by time:
     D:1: 4324 daAuts
     D:2: 610 daAuts
